 Dungeon Crawl Stone Soup version 0.27.1-35-g4d5d836560 (webtiles) character file.

Game seed: 16871175996651325347

78964 Delamore the Covert (level 15, -3/101 HPs)
             Began as an Octopode Brigand on June 10, 2022.
             Was the Champion of Cheibriados.
             Slain by an orc warrior (15 damage)
             ... on level 2 of the Orcish Mines.
             The game lasted 00:53:22 (26190 turns).

Delamore the Covert (Octopode Brigand)             Turns: 26190, Time: 00:53:22

Health: -3/101     AC:  4    Str: 35    XL:     15   Next: 62%
Magic:  47/47      EV: 24    Int: 40    God:    Cheibriados [******]
Gold:   2115       SH:  7    Dex: 31    Spells: 20/33 levels left

rFire    . . .     SeeInvis +   F - +7 hunting sling of the Scorching Oracle {vorpal, Fragile Will+ Str+9}
rCold    + . .     Faith    .   s - +0 buckler {reflect}
rNeg     + . .     Spirit   .   r - +3 hat of Pondering {ponderous, Will+ MP+10 Int+5}
rPois    +         Reflect  +   l - amulet "Batoavac" {rPois Regen+ Int+3}
rElec    .         Harm     .   t - ring of protection from cold
rCorr    +         Rampage  .   i - ring of protection from fire
Will     ++++.                  J - ring of magical power
Stlth    ++++++++..             q - ring of see invisible
HPRegen  1.26/turn              X - ring of resist corrosion
MPRegen  0.30/turn              v - ring of Zin's Condemnation {rPois rF- Slay+3 SInv Stlth+}
                                e - ring of positive energy
                                Z - ring of willpower

@: lethally poisoned (-3 -> -45), studying Stealth, very slow
A: almost no armour, amphibious, 8 rings, camouflage 1, gelatinous body 1,
(nimble swimmer 1), tentacles
a: Renounce Religion, Bend Time, Temporal Distortion, Slouch, Step From Time


You were on level 2 of the Orcish Mines.
You worshipped Cheibriados.
Cheibriados was exalted by your worship.
You visited 4 branches of the dungeon, and saw 21 of its levels.
You also visited: Gauntlet and Ice Cave.

You collected 2115 gold pieces.

Inventory:

Hand Weapons
 F - the +7 hunting sling of the Scorching Oracle (weapon) {vorpal, Fragile Will+ Str+9}
   (You acquired it on level 7 of the Dungeon)

   Any ammunition fired from it inflicts extra damage upon your enemies.
   Str:       It affects your strength (+9).
   Fragile:   It will be destroyed if unequipped.
   Will:      It increases your willpower.
Missiles
 g - 494 stones
 D - 7 javelins
 G - 69 sling bullets (quivered ammo)
 N - 3 throwing nets
 P - 7 curare-tipped darts
 S - 12 boomerangs
Armour
 r - the +3 hat of Pondering (worn) {ponderous, Will+ MP+10 Int+5}
   (You acquired it on level 2 of the Dungeon)

   Int:       It affects your intelligence (+5).
   MP:        It affects your magic capacity (+10).
   Will:      It increases your willpower.
 s - a +0 buckler of reflection (worn)
Jewellery
 e - a ring of positive energy (on tentacle)
 i - a ring of protection from fire (right tentacle)
 l - the amulet "Batoavac" (around mantle) {rPois Regen+ Int+3}
   (You found it in a Gauntlet)

   [amulet of regeneration]

   Int:       It affects your intelligence (+3).
   rPois:     It protects you from poison.
   Regen:     It increases your rate of health regeneration.
 p - a ring of fire
 q - a ring of see invisible (on tentacle)
 t - a ring of protection from cold (left tentacle)
 v - the ring of Zin's Condemnation (on tentacle) {rPois rF- Slay+3 SInv Stlth+}
   (You found it in an ice cave)

   [ring of poison resistance]

   Slay:      It affects your accuracy & damage with ranged weapons and melee
   (+3).
   rF:        It makes you vulnerable to fire.
   rPois:     It protects you from poison.
   SInv:      It lets you see invisible.
   Stlth:     It makes you more stealthy.
 J - a ring of magical power (on tentacle)
 O - a ring of ice
 X - a ring of resist corrosion (on tentacle)
 Z - a ring of willpower (on tentacle)
Wands
 c - a wand of paralysis (4)
 u - a wand of flame (78)
 U - a wand of iceblast (36)
 V - a wand of acid (3)
Scrolls
 a - 3 scrolls of blinking
 d - 4 scrolls of enchant weapon
 h - 5 scrolls of immolation
 k - 2 scrolls of fear
 m - 5 scrolls of teleportation
 y - 3 scrolls of fog
 E - a scroll of magic mapping
 I - 2 scrolls of enchant armour {unknown}
 R - 2 scrolls of amnesia {unknown}
 W - a scroll of silence {unknown}
 Y - a scroll of summoning
Potions
 b - a potion of magic {unknown}
 f - 4 potions of brilliance
 j - 2 potions of heal wounds
 n - 3 potions of degeneration {unknown}
 o - 10 potions of ambrosia
 w - 4 potions of might {unknown}
 x - a potion of lignification {unknown}
 z - 8 potions of curing
 A - 2 potions of invisibility {unknown}
 C - 3 potions of haste {unknown}
 L - 3 potions of resistance {unknown}
 M - a potion of mutation {unknown}
 T - 3 potions of attraction {unknown}
Miscellaneous
 H - a box of beasts (inert)
 K - a lightning rod (inert)


   Skills:
 + Level 9.2 Fighting
 - Level 2.0(2.6) Short Blades
 - Level 2.4(2.8) Long Blades
 - Level 10.8(12.0) Slings
 - Level 8.6(10.9) Throwing
 - Level 10.0 Dodging
 + Level 11.9 Stealth
 - Level 4.0 Shields
 + Level 9.9 Spellcasting
 + Level 4.4 Translocations
 - Level 10.0 Ice Magic
 - Level 5.0 Invocations
 - Level 10.0 Evocations


You had 20 spell levels left.
You knew the following spells:

 Your Spells              Type           Power      Damage    Failure   Level
a - Freeze                Ice            100%       1d11      1%          1
b - Frozen Ramparts       Ice            100%       1d12      1%          3
c - Hailstorm             Conj/Ice       56%        3d12      2%          4
d - Lesser Beckoning      Tloc           26%        N/A       1%          3
e - Blink                 Tloc           N/A        N/A       1%          2

Your spell library contained the following spells:

 Spells                   Type           Power      Damage    Failure   Level
 Animate Skeleton         Necr           38%        N/A       1%          1
 Apportation              Tloc           100%       N/A       1%          1
 Beastly Appendage        Tmut           38%        N/A       1%          1
 Corona                   Hex            21%        N/A       1%          1
 Pain                     Necr           76%        1d7       1%          1
 Summon Small Mammal      Summ           76%        N/A       1%          1
 Gell's Gravitas          Tloc           26%        N/A       1%          3
 Teleport Other           Tloc           53%        N/A       1%          3
 Corpse Rot               Necr/Air       N/A        N/A       2%          2
 Wereblood                Tmut           19%        N/A       2%          2
 Conjure Flame            Conj/Fire      19%        6-21      5%          3
 Ignite Poison            Fire/Tmut/Pois 19%        N/A       5%          3
 Spider Form              Tmut/Pois      9%         N/A       5%          3
 Vampiric Draining        Necr           9%         2d7       5%          3
 Manifold Assault         Tloc           53%        N/A       9%          5
 Dispel Undead            Necr           19%        3d11      19%         4
 Sticky Flame             Conj/Fire      19%        2d4       19%         4
 Dispersal                Tloc           26%        N/A       41%         6
 Borgnjor's Vile Clutch   Necr/Erth      9%         N/A       45%         5
 Death Channel            Necr           9%         N/A       95%         6


Dungeon Overview and Level Annotations

Branches:
Dungeon (12/15)            Temple (1/1) D:5            Lair (6/6) D:11
  Swamp (0/4) Lair:3        Snake (0/4) Lair:3        Slime (0/5) Lair:5
    Orc (2/2) D:12          IceCv (visited)         Gauntlet (visited)
    Elf: Orc:2

Altars:
Ashenzari
Cheibriados
Dithmenos
Elyvilon
Fedhas
Gozag
Hepliaklqana
Kikubaaqudgha
Makhleb
Nemelex Xobeh
Okawaru
Qazlal
Ru
Sif Muna
Trog
Uskayaw
Vehumet
Wu Jian
Xom
Yredelemnul
Zin
The Shining One
Jiyva
Lugonu

Shops:
D:12 [

Portals:
Abyss: Lair:6

Annotations:
Lair:5 1 runed translucent door
Orc:2 Nessos


Innate Abilities, Weirdness & Mutations

You cannot wear most types of armour.
You are amphibious.
You can wear up to eight rings at the same time.
Your skin changes colour to match your surroundings (Stealth+).
Your rubbery body absorbs attacks. (AC +1, EV +1)
((You are camouflaged near water. (Stealth+)))
You have tentacles for arms and can constrict up to eight enemies at once.


Message History

You climb downwards.
Level annotation: Nessos The orc wizard points at you and mumbles some strange words.
The magic dart hits you.
An orc wizard comes into view. It is wielding a +0 dagger.
Nessos pounds the earth with their hooves.
Nessos gestures wildly while chanting.
Nessos seems to speed up.
There is a stone staircase leading up, spattered with blood here.
You shoot a sling bullet. The orc wizard shouts!
The sling bullet hits the orc priest!!
You kill the orc priest!
Cheibriados appreciates the change of pace.
You hear a shout!
The orc warrior completely misses you.
You shoot a sling bullet. The sling bullet hits Nessos!
Nessos is moderately wounded.
Nessos shoots an arrow.
The arrow completely misses you. The orc warrior misses you.
The orc sorcerer casts a spell at you. The bolt of negative energy misses you.
You shoot a sling bullet. The sling bullet hits Nessos!!
Nessos is heavily wounded.
Nessos shoots an arrow.
The arrow hits you!! The arrow burns you.
You are poisoned.
You block the orc warrior's attack.
Nessos shoots an arrow.
The arrow barely misses you. You block the orc warrior's attack.
You feel extremely sick.
Nessos shoots an arrow.
The arrow hits you!! The arrow burns you!
* * * LOW HITPOINT WARNING * * *
Nessos shoots an arrow.
The arrow hits you!
* * * LOW HITPOINT WARNING * * *
The arrow burns you.
You are more poisoned.
* * * LOW HITPOINT WARNING * * *
The orc wizard casts a spell at you. You resist with almost no effort.
The orc warrior completely misses you.
The orc warrior hits you from afar with a +0 trident!
You die...

..# ..........
...##........
.$(.........#
#..($.......#
.((.........#
.......o....#
..(......o..#
#...@)o.(#
#.c(oo..(((o
....)(..o...o..
...((.....o.(..
............#..
(([.........# o
....##..<...#
(... .......#


You could see Nessos (fast), an orc sorcerer, 4 orc warriors, an orc priest and
4 orc wizards.

Vanquished Creatures
  An azure jelly (IceCv)
  4 quicksilver oozes (IceCv)
  A minotaur (Gauntlet)
  Fannar (Lair:1)
  A boulder beetle (D:12)
  6 hydras
  2 two-headed ogres
  2 catoblepae
  A centaur warrior (D:10)
  A tengu warrior (D:10)
  Sonja (D:11)
  3 thrashing horrors (Lair:6)
  A bog body (Lair:3)
  2 orc knights
  A wizard (D:10)
  A deep elf pyromancer (D:10)
  3 orc sorcerers
  5 ugly things
  A cyclops (D:12)
  A guardian serpent (shapeshifter) (Lair:6)
  4 centaur zombies
  3 elephants (Lair:6)
  3 ice statues (IceCv)
  A rust devil (Gauntlet)
  6 black mambas
  14 cane toads
  A smoke demon (Lair:6)
  An unseen horror (D:12)
  A gargoyle (Gauntlet)
  3 kobold demonologists (D:12)
  6 rime drakes
  9 komodo dragons
  Psyche (D:11)
  2 entropy weaver simulacra (IceCv)
  A tengu conjurer (D:10)
  2 ancient zymes (Lair:6)
  2 trolls
  A jumping spider (shapeshifter) (Lair:6)
  A queen bee (Lair:2)
  Prince Ribbit (D:5)
  2 polar bears (Lair:6)
  56 blink frogs
  20 slime creatures
  A vampire (D:10)
  3 ynoxinuls
  2 shadows
  2 spriggans (Lair:6)
  A wraith (D:12)
  4 wyverns
  33 yaks
  6 basilisks
  A steam dragon (D:8)
  3 chaos spawn (Lair:6)
  Grum (D:11)
  4 vampire mosquitoes (D:10)
  A warg (Orc:2)
  An acid dragon (D:8)
  4 nagas (Lair:3)
  5 demonic crawler simulacra (IceCv)
  13 water moccasins
  6 black bears
  13 small abominations (Lair:6)
  15 orc warriors
  8 ogres
  A necrophage (D:6)
  22 wolves
  2 ugly thing simulacra (IceCv)
  8 centaurs
  5 kobold brigands
  Blork the orc (D:4)
  18 bullfrogs
  2 glowing shapeshifter simulacra (IceCv)
  A cane toad simulacrum (Lair:3)
  5 gnoll sergeants (D:12)
  A scorpion (Lair:3)
  A wyvern zombie (D:7)
  2 wyvern skeletons (D:7)
  25 killer bees
  8 wights (D:9)
  3 howler monkeys
  3 electric eels (Lair:5)
  A jelly (D:4)
  Crazy Yiuf (D:3)
  11 orc priests
  3 gnoll shamans
  3 bullfrog skeletons
  4 iron imps (Gauntlet)
  2 iguanas
  Terence (D:3)
  18 orc wizards
  5 hell rats (Lair:4)
  2 killer bee zombies
  13 gnolls
  A howler monkey skeleton (D:7)
  4 adders
  A shadow imp (D:6)
  3 adder skeletons
  A worm (D:3)
  A dart slug (D:3)
  40 orcs
  11 endoplasms
  2 giant cockroaches
  16 goblins
  3 hobgoblins
  A quokka (D:2)
  6 ball pythons
  4 bats (D:2)
  6 frilled lizards
  18 kobolds
  7 rats
604 creatures vanquished.

Vanquished Creatures (collateral kills)
  An orc sorcerer (Orc:2)
  An orc priest (Orc:2)
  An orc wizard (Orc:2)
3 creatures vanquished.

Vanquished Creatures (others)
  61 fungi
  180 plants
241 creatures vanquished.

Grand Total: 848 creatures vanquished

Notes
Turn   | Place    | Note
-------+----------+-------------------------------------------
     0 | D:1      | Delamore the Octopode Brigand began the quest for the Orb.
     0 | D:1      | Reached XP level 1. HP: 14/14 MP: 1/1
   399 | D:1      | Reached XP level 2. HP: 19/19 MP: 2/2
   907 | D:2      | Reached XP level 3. HP: 22/25 MP: 3/3
   953 | D:2      | Found an ornate altar of the Wu Jian Council.
  1116 | D:2      | Identified 3 scrolls of acquirement
  1116 | D:2      | Acquired the +3 hat of Pondering {ponderous, Will+ MP+10
                  | Int+5}
  1116 | D:2      | Found the +3 hat of Pondering {ponderous, Will+ MP+10
                  | Int+5}
  1128 | D:2      | Acquired a +0 buckler of reflection
  1130 | D:2      | Acquired 673 gold pieces
  1783 | D:3      | Reached XP level 4. HP: 19/30 MP: 4/4
  1918 | D:3      | Reached skill level 1 in Shields
  1936 | D:3      | Noticed Terence
  1953 | D:3      | Killed Terence
  2485 | D:3      | Reached XP level 5. HP: 18/36 MP: 5/5
  2921 | D:3      | Found a faded altar of an unknown god.
  3097 | D:3      | Found a runed translucent door.
  3098 | D:3      | Noticed Crazy Yiuf
  3298 | D:4      | Noticed an ogre
  3307 | D:4      | Killed an ogre
  3308 | D:4      | Reached XP level 6. HP: 43/43 MP: 6/6
  3542 | D:4      | Noticed a water moccasin
  3607 | D:4      | Learned a level 1 spell: Freeze
  3611 | D:4      | Learned a level 3 spell: Frozen Ramparts
  3817 | D:4      | Noticed Blork the orc
  3827 | D:4      | Killed Blork the orc
  3828 | D:4      | Reached skill level 1 in Spellcasting
  3828 | D:4      | Reached skill level 1 in Ice Magic
  4078 | D:5      | Entered Level 5 of the Dungeon
  4215 | D:5      | Found a staircase to the Ecumenical Temple.
  4220 | D:5      | Reached XP level 7. HP: 47/47 MP: 8/8
  4222 | Temple   | Entered the Ecumenical Temple
  4351 | Temple   | Became a worshipper of Cheibriados the Contemplative
  4428 | D:5      | Noticed Prince Ribbit
  4439 | D:5      | Killed Prince Ribbit
  5192 | D:6      | Reached XP level 8. HP: 54/54 MP: 11/11
  5199 | D:6      | Identified the +2 great sword "Rebopu" {speed, rF+ rN+++}
  5322 | D:6      | Reached skill level 5 in Dodging
  5368 | D:6      | Noticed a wyvern
  5373 | D:6      | Killed a wyvern
  5373 | D:6      | Reached * piety under Cheibriados
  5450 | D:6      | Identified the +4 long sword "Pemew" {antimagic, *Noise
                  | Int+5 Stlth+}
  5665 | D:6      | Reached skill level 5 in Fighting
  6097 | D:7      | Reached skill level 1 in Long Blades
  6097 | D:7      | Reached XP level 9. HP: 46/61 MP: 6/15
  6264 | D:7      | Found a bloodstained altar of Trog.
  6299 | D:7      | Identified the +0 leather armour of Compression {+Inv rF+
                  | Str+4}
  6380 | D:7      | Reached skill level 5 in Ice Magic
  6382 | D:7      | Reached ** piety under Cheibriados
  6409 | D:7      | Reached skill level 5 in Spellcasting
  6474 | D:7      | Acquired the +7 hunting sling of the Scorching Oracle
                  | {vorpal, Fragile Will+ Str+9}
  6884 | D:3      | Killed Crazy Yiuf
  7211 | D:7      | Got the Reference Book on Nocuous Evil
  7566 | D:8      | Reached skill level 1 in Slings
  7588 | D:8      | Found a broken altar of Ashenzari.
  7588 | D:8      | Found a hazy altar of Hepliaklqana.
  8051 | D:8      | Reached skill level 5 in Throwing
  8655 | D:9      | Reached XP level 10. HP: 66/66 MP: 17/17
  8656 | D:9      | Reached skill level 5 in Slings
  8660 | D:9      | Identified the +4 quarterstaff of Ascent {freeze, rElec
                  | Dex+2}
  8748 | D:9      | Reached *** piety under Cheibriados
  9616 | D:10     | Entered Level 10 of the Dungeon
  9678 | D:10     | Noticed a tengu warrior
  9695 | D:10     | Killed a tengu warrior
  9715 | D:10     | Reached **** piety under Cheibriados
  9829 | D:10     | Identified the +10 war axe "Awoah" {drain, rC+}
  9869 | D:10     | Found a sparkling altar of Nemelex Xobeh.
 10150 | D:10     | Reached XP level 11. HP: 71/71 MP: 18/18
 10188 | D:10     | Noticed a centaur warrior
 10196 | D:10     | Killed a centaur warrior
 10596 | D:10     | Noticed a wizard
 10596 | D:10     | Noticed an orc knight
 10601 | D:10     | Killed a wizard
 10760 | D:10     | Noticed a deep elf pyromancer
 10772 | D:10     | Killed a deep elf pyromancer
 10773 | D:10     | Reached skill level 10 in Slings
 10943 | D:10     | Killed an orc knight
 11267 | D:11     | Reached skill level 1 in Evocations
 11478 | D:11     | Noticed Grum
 11482 | D:11     | Killed Grum
 11511 | D:11     | Identified the +9 dagger of Joyful Slaughter {protect,
                  | rElec}
 11668 | D:11     | Reached ***** piety under Cheibriados
 11675 | D:11     | Found a staircase to the Lair.
 11769 | D:11     | Noticed Psyche
 11774 | D:11     | Killed Psyche
 12159 | D:11     | Noticed Sonja
 12162 | D:11     | Killed Sonja
 12163 | D:11     | Reached XP level 12. HP: 77/77 MP: 19/19
 12801 | D:12     | Reached skill level 5 in Evocations
 12939 | D:12     | Noticed a boulder beetle
 12964 | D:12     | Killed a boulder beetle
 13063 | D:12     | Noticed a four-headed hydra
 13087 | D:12     | Killed a four-headed hydra
 13320 | D:12     | Found Ovackant's Antique Armour Emporium.
 13373 | D:12     | Found a staircase to the Orcish Mines.
 13526 | D:12     | Noticed a two-headed ogre
 13530 | D:12     | Killed a two-headed ogre
 13811 | D:12     | Learned a level 4 spell: Hailstorm
 14188 | Lair:1   | Entered Level 1 of the Lair of Beasts
 14190 | Lair:1   | Noticed a five-headed hydra
 14206 | Lair:1   | Killed a five-headed hydra
 14319 | Lair:1   | Reached ****** piety under Cheibriados
 14394 | Lair:1   | Noticed Fannar
 14413 | Lair:1   | Killed Fannar
 14414 | Lair:1   | Reached XP level 13. HP: 81/81 MP: 20/20
 14625 | Lair:1   | Reached skill level 6 in Stealth
 15430 | Lair:2   | Reached skill level 7 in Stealth
 15677 | Lair:2   | Reached skill level 10 in Dodging
 15677 | Lair:2   | Reached skill level 10 in Ice Magic
 15832 | Lair:2   | Reached skill level 8 in Stealth
 16160 | Lair:2   | Found a broken altar of Ashenzari.
 16332 | Lair:2   | Reached skill level 9 in Stealth
 17172 | Lair:3   | Found a frozen archway.
 17184 | IceCv    | Entered an ice cave
 17209 | IceCv    | Noticed a quicksilver ooze
 17221 | IceCv    | Killed a quicksilver ooze
 17222 | IceCv    | Reached skill level 10 in Stealth
 17874 | IceCv    | Reached skill level 1 in Invocations
 18074 | IceCv    | Noticed a quicksilver ooze
 18080 | IceCv    | Killed a quicksilver ooze
 18081 | IceCv    | Reached XP level 14. HP: 77/88 MP: 21/22
 18253 | IceCv    | Noticed a quicksilver ooze
 18256 | IceCv    | Killed a quicksilver ooze
 18316 | IceCv    | Found a viscous altar of Jiyva.
 18316 | IceCv    | Noticed an azure jelly
 18333 | IceCv    | Killed an azure jelly
 18589 | IceCv    | Noticed a quicksilver ooze
 18593 | IceCv    | Killed a quicksilver ooze
 18623 | IceCv    | Identified the ring of Zin's Condemnation {rPois rF- Slay+3
                  | SInv Stlth+}
 18838 | IceCv    | Got the +6 short sword of Crystal {freeze, rElec Will+
                  | Str-5 Int+8}
 18839 | IceCv    | Identified the +3 ice dragon scales of the Blessed Realm
                  | {rF- rC++ Str+2}
 18956 | IceCv    | Got the +6 hand axe of Ucumuq {freeze, Stlth+}
 19217 | Lair:3   | Found a staircase to the Snake Pit.
 19278 | Lair:3   | Reached skill level 5 in Invocations
 19292 | Lair:3   | Reached skill level 10 in Evocations
 19943 | Lair:3   | Found a staircase to the Swamp.
 22267 | Lair:5   | Found a runed translucent door.
 22267 | Lair:5   | Found a viscous altar of Jiyva.
 22270 | Lair:5   | Found a staircase to the Slime Pits.
 22271 | Lair:5   | Noticed an azure jelly
 22863 | Lair:6   | Entered Level 6 of the Lair of Beasts
 22992 | Lair:6   | Found a gate leading to a gauntlet.
 23041 | Gauntlet | Entered a Gauntlet
 23041 | Gauntlet | Found a transporter.
 23041 | Gauntlet | Found a transporter.
 23043 | Gauntlet | Found a transporter.
 23046 | Gauntlet | Found a transporter.
 23047 | Gauntlet | Found a transporter.
 23047 | Gauntlet | Found a transporter.
 23083 | Gauntlet | Found a transporter.
 23083 | Gauntlet | Found a transporter.
 23088 | Gauntlet | Found a runed translucent door.
 23098 | Gauntlet | Found a transporter.
 23111 | Gauntlet | Found a transporter.
 23112 | Gauntlet | Noticed a dire elephant
 23130 | Gauntlet | Found a transporter.
 23130 | Gauntlet | Found a transporter.
 23132 | Gauntlet | Found a runed translucent door.
 23134 | Gauntlet | Found a runed translucent door.
 23263 | Gauntlet | Reached XP level 15. HP: 94/99 MP: 27/27
 23303 | Gauntlet | Identified the amulet "Batoavac" {rPois Regen+ Int+3}
 23306 | Gauntlet | Identified the +11 plate armour of Kelunum {rCorr}
 23642 | Gauntlet | Found the +5 robe of Misfortune {Contam Harm *Corrode Drain
                  | *Slow EV+5}
 23696 | Gauntlet | Identified the quicksilver dragon scales of Omission {rElec
                  | Will+ Int+2}
 23809 | Lair:6   | Learned a level 3 spell: Lesser Beckoning
 23812 | Lair:6   | Learned a level 2 spell: Blink
 23852 | Lair:6   | Reached skill level 1 in Translocations
 24664 | Lair:6   | Found a corrupted altar of Lugonu.
 24664 | Lair:6   | Found a one-way gate to the infinite horrors of the Abyss.
 25002 | Lair:6   | Reached skill level 11 in Stealth
 25519 | Orc:1    | Entered Level 1 of the Orcish Mines
 25882 | Orc:2    | Entered Level 2 of the Orcish Mines
 25908 | Orc:2    | Noticed Nessos
 26190 | Orc:2    | Slain by an orc warrior

Illustrated notes

Levels and vault maps discovered:
D:1:      evilmike_arrival_rings, layout_basic
D:2:      layout_rooms, basic_altar
D:3:      kennysheep_six_static_rooms, layout_loops_ring,
          shapermc_ecumenical_altar_notcrosses, uniq_crazy_yiuf_cottage,
          uniq_grinder, uniq_terence
D:4:      minmay_angry_zag, layout_gridville, uniq_blork_the_orc
D:5:      layout_loops_cross, minmay_temple_entry_proselytizer,
          uniq_prince_ribbit1
D:6:      layout_rooms, kennysheep_another_room
D:7:      layout_loops_ring, trog_hazing_becter
D:8:      layout_loops_cross, mainiacjoe_overflow_catch_the_wave, minmay_between
D:9:      layout_rooms, minmay_holes, kennysheep_generic_room_15
D:10:     minmay_the_grid_plus [minmay_the_grid_zigzag_pyramid,
          minmay_the_grid_outer_circle, minmay_the_grid_paths,
          minmay_the_grid_pillar_ring, minmay_the_grid_prize_inner_circle],
          layout_cave_pools, mainiacjoe_overflow_small_starburst
D:11:     layout_basic, due_lair_maze_entry_diamond, uniq_psyche, uniq_sonja,
          uniq_grum
D:12:     layout_roguey, kennysheep_orc_monster_closet_entryway, serial_shops,
          kennysheep_little_box
Temple:   regret_index_temple_mists
Lair:1:   layout_gridlike, infiniplex_staircase_pool_2, grunt_megastairs_5,
          uniq_fannar
Lair:2:   layout_roguey [special_room_bee], basic_altar
Lair:3:   layout_loops_ring, skrybe_swamp_entry_bodies,
          guppyfry_snake_entry_garden, portal_ice_cave_entry_ice_simulacra
Lair:4:   layout_layer_cave, serial_bayou_shore_b, serial_bayou_shore_a
Lair:5:   layout_gridlike, slime_altar_2, serial_forest,
          infiniplex_forest_lined_room_2, infiniplex_forest_straight_3,
          infiniplex_forest_clump_double, infiniplex_forest_end_2,
          infiniplex_forest_clump_medium, infiniplex_forest_clump_C,
          infiniplex_forest_diagonal
Lair:6:   hellmonk_lair_end_abyssal_woods, layout_cave_pods,
          gauntlet_entry_generic, grunt_megastairs_4
Orc:1:    layout_caves
Orc:2:    st_orc_mages, layout_caves, serial_shops, shop, uniq_maurice,
          uniq_nessos, uniq_saint_roka, uniq_azrael

Skill      XL: |  1  2  3  4  5  6  7  8  9 10 11 12 13 14 15 |
---------------+----------------------------------------------+-----
Dodging        | 2 3 4 5 6 9 10 | 10.0
Shields        | 1 2 3 4 |  4.0
Fighting       | 3 5 7 9 |  9.2
Spellcasting   | 1 2 4 5 8 9 |  9.9
Ice Magic      | 1 3 4 5 6 9 10 | 10.0
Long Blades    | 1 2 |  2.4
Slings         | 4 8 10 | 10.8
Throwing       | 5 8 |  8.6
Evocations     | 3 5 9 10 | 10.0
Stealth        | 10 11 | 11.9
Invocations    | 2 5 |  5.0
Translocations | 4 |  4.4
Short Blades   | |  2.0

Action                   |  1- 3 |  4- 6 |  7- 9 | 10-12 | 13-15 || total
-------------------------+-------+-------+-------+-------+-------++-------
Melee: Dagger            |    63 |    71 |    50 |       |       ||   184
       Tentacles         |    12 |    10 |    31 |     1 |       ||    54
       Constrict         |    11 |    16 |    26 |       |       ||    53
       Long sword        |       |       |    40 |       |       ||    40
       Hunting sling     |       |       |       |     1 |       ||     1
 Fire: Hunting sling     |       |       |    54 |   523 |  1312 ||  1889
Throw: Stone             |    26 |    61 |    28 |       |       ||   115
       Dart              |       |    11 |    30 |     8 |     8 ||    57
       Throwing net      |       |       |       |     4 |     1 ||     5
 Cast: Freeze            |       |       |     4 |     5 |     2 ||    11
       Frozen Ramparts   |       |       |     9 |    16 |     9 ||    34
       Hailstorm         |       |       |       |     4 |     4 ||     8
Invok: Bend Time         |       |       |       |     1 |       ||     1
       Slouch            |       |       |       |       |     7 ||     7
Evoke: Wand              |       |       |       |    12 |    11 ||    23
       Lightning rod     |       |       |       |       |     4 ||     4
       Box of beasts     |       |       |       |       |     1 ||     1
  Use: Scroll            |     3 |     2 |     5 |     4 |    10 ||    24
       Potion            |       |       |       |     3 |       ||     3
 Stab: Sleeping          |    10 |    12 |     2 |       |       ||    24
Armor: Skin              |    11 |     7 |    11 |    21 |    22 ||    72
Dodge: Dodged            |    30 |    28 |    77 |    93 |   229 ||   457
Block: Buckler           |     4 |     8 |    21 |    41 |    87 ||   161
       Reflection        |       |       |     3 |     3 |     3 ||     9
       Rpst.: Long sword |       |       |    10 |       |       ||    10
